 Dungeon Crawl Stone Soup version 0.17-a0-1636-g3119f2b (webtiles) character file.

295 mrath the Chopper (level 6, 0/51 HPs)
             Began as a Minotaur Fighter on Aug 6, 2015.
             Succumbed to a gnoll's poison
             ... on level 4 of the Dungeon.
             The game lasted 00:18:47 (3695 turns).

mrath the Chopper (Minotaur Fighter)                Turns: 3695, Time: 00:18:47

Health: 0/51       AC:  9    Str: 23    XL:     6   Next: 11%
Magic:  5/5        EV:  5    Int:  5    God:
Gold:   140        SH: 14    Dex:  9    Spells: 0 memorised, 5 levels left

rFire  + . .     SeeInvis .     a - +0 war axe
rCold  + . .     Clarity  .     b - +0 scale mail
rNeg   . . .     SustAt   .     B - +0 large shield
rPois  +         Gourm    .     (helmet restricted)
rElec  +         Spirit   .     (no cloak)
rCorr  +         Warding  .     (no gloves)
rMut   .         Stasis   .     (no boots)
MR     .....                    (no amulet)
Stlth  ..........               (no ring)
                                h - +3 ring of protection

@: lethally poisoned (0 -> -26), resistant, flying, not resistant to hostile
enchantments, extremely unstealthy
A: retaliatory headbutt, horns 2
a: no special abilities


You were on level 4 of the Dungeon.
You were not hungry.

You visited 1 branch of the dungeon, and saw 4 of its levels.

You collected 140 gold pieces.

Inventory:

Hand weapons
 a - a +0 war axe (weapon)
 k - a +1 dagger of venom
 t - a +0 hunting sling
 z - a +2 falchion of holy wrath
Missiles
 g - 88 stones (quivered)
 p - 7 poisoned needles
Armour
 b - a +0 scale mail (worn)
 c - a +0 shield
 B - a +0 large shield (worn)
Rods
 v - a -3 rod of destruction (10/10)
   (You found it on level 3 of the Dungeon)
Jewellery
 h - a +3 ring of protection (left hand)
Magical devices
 x - a wand of polymorph (12)
Scrolls
 f - 3 scrolls of magic mapping
 i - 2 scrolls of amnesia {unknown}
 j - a scroll of enchant weapon {unknown}
 m - 2 scrolls of recharging {unknown}
 q - a scroll of identify
 u - a scroll of teleportation {unknown}
 y - 2 scrolls of remove curse {unknown}
Potions
 d - a potion of might
 n - a potion of lignification
 o - a potion of resistance
Comestibles
 e - a bread ration
 l - 3 meat rations
 r - a slice of pizza
 w - a beef jerky
 A - a chunk of flesh


   Skills:
 - Level 3.6 Fighting
 + Level 7.8 Axes
 - Level 3.6 Armour
 - Level 3.6 Shields


You had 5 spell levels left.
You didn't know any spells.

Dungeon Overview and Level Annotations

Branches:
Dungeon (4/15)
 Temple: D:4-7

Altars:


Innate Abilities, Weirdness & Mutations

You reflexively headbutt those who attack you in melee.
You have a pair of horns on your head.


Message History

You kill the gnoll!
* * * LOW HITPOINT WARNING * * *
You feel very sick.
There is a lethal amount of poison in your body!
There is a lethal amount of poison in your body!
Drink which item? (? for menu, Esc to quit)
It was a potion of flight.
You feel very buoyant.
You fly up into the air.
* * * LOW HITPOINT WARNING * * *
You feel very sick.
Drink which item? (? for menu, Esc to quit)
You feel protected.
* * * LOW HITPOINT WARNING * * *
You feel very sick.
* * * LOW HITPOINT WARNING * * *
You feel very sick.
* * * LOW HITPOINT WARNING * * *
You feel sick.
You die...

####.#### #...#
#.......# #.###
#.##.##.# #.#
#....##.### #.#
#.........# #.#
#.......#.##### #.#
#.#.##..#.#...# #.#
#.<...........######.#
#.#....##.#....@..)).#
#.#.##.##.############
#.........#
###########


There were no monsters in sight!

Vanquished Creatures
  An ogre (D:4)
  An orc wizard (D:3)
  4 adders
  4 gnolls (D:4)
  3 oozes
  6 worms (D:2)
  3 giant geckos
  3 orcs (D:3)
  3 ball pythons
  4 bats
  4 giant cockroaches
  4 hobgoblins
  3 jackals (D:2)
  9 kobolds
  A quokka (D:3)
  6 giant newts
  11 goblins
  12 rats
82 creatures vanquished.

Notes
Turn   | Place    | Note
--------------------------------------------------------------
     0 | D:1      | mrath the Minotaur Fighter began the quest for the Orb.
     0 | D:1      | Reached XP level 1. HP: 19/19 MP: 0/0
    70 | D:1      | Reached XP level 2. HP: 24/26 MP: 1/1
   534 | D:1      | Reached skill level 4 in Axes
   737 | D:1      | Reached XP level 3. HP: 31/31 MP: 2/2
  1373 | D:2      | Reached skill level 5 in Axes
  1642 | D:2      | Reached XP level 4. HP: 39/39 MP: 3/3
  2254 | D:3      | Reached skill level 6 in Axes
  2303 | D:3      | Noticed WhatIsLove's ghost (weakling DrCj)
  2616 | D:3      | Reached XP level 5. HP: 33/45 MP: 4/4
  3452 | D:4      | Noticed an ogre
  3458 | D:4      | Killed an ogre
  3458 | D:4      | Reached skill level 7 in Axes
  3459 | D:4      | Reached XP level 6. HP: 7/51 MP: 5/5
  3694 | D:4      | HP: 1/51 [poisoned by a gnoll]
  3695 | D:4      | Succumbed to a gnoll's poison

Vault maps used:
D:1:      lemuel_arrival_behind_the_door_large
D:3:      kennysheep_crisscross, nrook_mini_backslash
D:4:      first_bread, st_stairs_1, uniq_sigmund, uniq_edmund

Action                   |  1- 3 |  4- 6 || total
-------------------------+-------+-------++-------
Melee: War axe           |   113 |   127 ||   240
Throw: Stone             |     3 |       ||     3
  Use: Scroll            |       |     4 ||     4
       Potion            |       |     2 ||     2
  Eat: Chunk             |     2 |     7 ||     9
